 Dungeon Crawl Stone Soup version 0.18-b1-10-g3f7de93 (webtiles) character file.

251 Freud the Slasher (level 6, 0/47 HPs)
             Began as a Formicid Skald on Apr 29, 2016.
             Slain by Duvessa
             ... wielding a +0 rapier
              (6 damage)
             ... on level 4 of the Dungeon.
             The game lasted 00:29:01 (2494 turns).

Freud the Slasher (Formicid Skald)                  Turns: 2494, Time: 00:29:02

Health: 0/47       AC:  7    Str: 19    XL:     6   Next: 36%
Magic:  0/9        EV:  9    Int: 11    God:
Gold:   142        SH:  0    Dex: 10    Spells: 4 memorised, 1 level left

rFire  . . .     SeeInvis +     a - +0 falchion
rCold  . . .     Gourm    .     l - +0 scale mail
rNeg   . . .     Faith    .     (no shield)
rPois  .         Spirit   .     (helmet unavailable)
rElec  .         Dismiss  .     (no cloak)
rCorr  .         Reflect  .     (no gloves)
SustAt +         Harm     .     o - +0 pair of boots
MR     .....                    (no amulet)
Stlth  +.........               q - ring of stealth
                                g - ring of sustain attributes

@: not resistant to hostile enchantments, very unstealthy
A: permanent stasis, dig shafts and tunnels, four strong arms, antennae 3
a: Dig, Shaft Self


You were on level 4 of the Dungeon.
You were very hungry.

You visited 1 branch of the dungeon, and saw 4 of its levels.

You collected 142 gold pieces.

Inventory:

Hand Weapons
 a - a +0 falchion (weapon)
Missiles
 f - 83 stones (quivered)
 r - 11 bolts
 s - 30 poisoned needles
Armour
 l - a +0 scale mail (worn)
 o - a +0 pair of boots (worn)
 w - a +0 large shield
Jewellery
 g - a ring of sustain attributes (left hand)
 m - an uncursed amulet of faith
 q - a ring of stealth (right hand)
Wands
 n - a wand of polymorph (5/24)
Scrolls
 b - 2 scrolls of remove curse {unknown}
 h - a scroll of recharging {unknown}
 k - 3 scrolls of identify {unknown}
 t - 2 scrolls of immolation {unknown}
 u - a scroll of fog {unknown}
Potions
 e - a potion of brilliance
 i - a potion of flight
Books
 c - a book of Battle

   Spells                             Type                      Level
   a - Infusion                       Charms                       1
   b - Shroud of Golubria             Charms/Translocation         2
   c - Song of Slaying                Charms                       2
   d - Spectral Weapon                Hexes/Charms                 3
   e - Regeneration                   Charms/Necromancy            3
Comestibles
 d - a bread ration
 j - a slice of pizza
 p - 2 beef jerkies
 x - a meat ration


   Skills:
 - Level 3.0 Fighting
 + Level 5.6 Long Blades
 - Level 2.0 Armour
 - Level 1.0 Dodging
 + Level 0.0 Stealth
 - Level 2.1 Spellcasting
 - Level 3.0 Charms


You had one spell level left.
You knew the following spells:

 Your Spells              Type           Power        Failure   Level  Hunger
a - Infusion              Chrm           #...         24%         1    ##.....
b - Shroud of Golubria    Chrm/Tloc      #.........   73%         2    ###....
c - Regeneration          Chrm/Necr      #.........   96%         3    ####...
d - Song of Slaying       Chrm           #.......     38%         2    ###....


Dungeon Overview and Level Annotations

Branches:
Dungeon (4/15)
 Temple: D:4-7

Altars:
Fedhas

Annotations:
D:4 Duvessa


Innate Abilities, Weirdness & Mutations

You are under a permanent stasis effect.
You can dig through walls and to a lower floor.
Your four strong arms can wield two-handed weapons with a shield.
You have a pair of large antennae on your head (SInv).


Message History

Duvessa barely misses you.
You closely miss Duvessa.
Duvessa is heavily wounded.
Duvessa hits you with a rapier.
You slash Duvessa!
Duvessa is almost dead.
Duvessa hits you but does no damage.
You hit Duvessa.
Duvessa is almost dead.
Duvessa hits you with a rapier.
* * * LOW HITPOINT WARNING * * *
You barely miss Duvessa.
Duvessa is almost dead.
Duvessa hits you with a rapier!
* * * LOW HITPOINT WARNING * * *
You hit Duvessa.
Duvessa is almost dead.
You are no longer magically infusing your attacks.
Duvessa hits you with a rapier.
You die...

#...........e....#
################e#
###### #.e.# #.#
#.e..# #.#.# #.#
##.##.# #.#.####.#
#...#.###.#....e.#
#...#.....########
#.#e........#
#.@.).......#
#.########### ###


You could see Duvessa.

Vanquished Creatures
  Sigmund (D:3)
  3 gnolls
  An adder (D:2)
  5 worms (D:2)
  A dart slug (D:1)
  A giant gecko (D:3)
  A giant cockroach (D:2)
  5 goblins
  6 hobgoblins
  6 jackals (D:2)
  9 bats
  3 giant newts
  7 kobolds
  4 rats
53 creatures vanquished.

Notes
Turn   | Place    | Note
--------------------------------------------------------------
     0 | D:1      | Freud the Formicid Skald began the quest for the Orb.
     0 | D:1      | Reached XP level 1. HP: 16/16 MP: 3/3
    42 | D:1      | Reached skill level 1 in Dodging
   479 | D:1      | Reached XP level 2. HP: 21/23 MP: 5/5
   886 | D:2      | Found a blossoming altar of Fedhas.
   907 | D:2      | Reached XP level 3. HP: 22/29 MP: 6/6
  1505 | D:2      | Reached XP level 4. HP: 28/35 MP: 7/7
  1566 | D:2      | Reached skill level 3 in Long Blades
  2261 | D:3      | Noticed Sigmund
  2293 | D:3      | Killed Sigmund
  2293 | D:3      | Reached skill level 5 in Long Blades
  2293 | D:3      | Reached XP level 5. HP: 41/41 MP: 8/8
  2293 | D:3      | Reached XP level 6. HP: 47/47 MP: 9/9
  2373 | D:4      | Learned a level 2 spell: Shroud of Golubria
  2377 | D:4      | Learned a level 3 spell: Regeneration
  2380 | D:4      | Learned a level 2 spell: Song of Slaying
  2433 | D:4      | Noticed Duvessa
  2494 | D:4      | Slain by Duvessa

Skill      XL: |  1  2  3  4 |
---------------+-------------+-----
Dodging        | 1 |  1.0
Fighting       | 3 |  3.0
Armour         | 2 |  2.0
Long Blades    | 5 |  5.6
Spellcasting   | |  2.1
Charms         | |  3.0

Action                   |  1- 3 |  4- 6 || total
-------------------------+-------+-------++-------
Melee: Falchion          |   149 |    95 ||   244
 Cast: Infusion          |       |     4 ||     4
  Use: Potion            |       |     5 ||     5
  Eat: Chunk             |     2 |     2 ||     4
Armor: Leather armour    |     5 |       ||     5
       Scale mail        |    71 |    46 ||   117
Dodge: Dodged            |    63 |    63 ||   126
